 Dungeon Crawl Stone Soup version 0.22.0-49-gab54619674 (webtiles) character file.

8658 MaCx the Fighter (level 11, -5/108 HPs)
             Began as a Minotaur Berserker on Sept 8, 2018.
             Was an Elder of Trog.
             Slain by a death yak (15 damage)
             ... on level 1 of the Lair of Beasts.
             The game lasted 00:49:18 (10932 turns).

MaCx the Fighter (Minotaur Berserker)              Turns: 10932, Time: 00:49:18

Health: -5/108     AC: 14    Str: 25    XL:     11   Next: 12%
Magic:  10/10      EV: 10    Int:  4    God:    Trog [****..]
Gold:   692        SH:  0    Dex: 10    Spells: 10/10 levels left

rFire    . . .     SeeInvis .   z - +5 dire flail
rCold    . . .     Gourm    .   (shield currently unavailable)
rNeg     . . .     Faith    .   j - +1 plate armour
rPois    .         Spirit   .   (helmet unavailable)
rElec    .         Reflect  .   (no cloak)
rCorr    .         Harm     .   (no gloves)
MR       .....     Clarity  +   (no boots)
Stlth    ..........             (no amulet)
HPRegen  0.28/turn              (no ring)
MPRegen  0.12/turn              (no ring)

@: berserk cooldown, slowed, very slow
A: retaliatory headbutt, hooves 1, horns 3, blurry vision 1, clarity
a: Berserk, Trog's Hand, Brothers in Arms, Renounce Religion


You were on level 1 of the Lair of Beasts.
You worshipped Trog.
Trog was greatly pleased with you.
You were very hungry.

You visited 2 branches of the dungeon, and saw 12 of its levels.

You collected 692 gold pieces.

Inventory:

Hand Weapons
 g - the cursed +1 mace of Fee Simple {pain, MR+ Int+4, unknown}
   (You found it on level 7 of the Dungeon)

   In the hands of one skilled in necromantic magic, it inflicts extra damage on
   living creatures.
   It affects your intelligence (+4).
   It affects your resistance to hostile enchantments.
   It has a curse placed upon it.
 z - a +5 dire flail (weapon)
Armour
 j - a +1 plate armour (worn)
 r - a cursed +0 leather armour
Magical Staves
 q - an uncursed staff of summoning {unknown}
Wands
 a - a wand of iceblast (11)
 o - a wand of flame (11)
 w - a wand of acid (25)
 x - a wand of random effects (30)
 C - a wand of disintegration (21)
Scrolls
 d - 3 scrolls of enchant armour
 f - 6 scrolls of remove curse
 h - a scroll of summoning {unknown}
 k - a scroll of amnesia
 m - 5 scrolls of teleportation
 p - 3 scrolls of identify
 s - a scroll of blinking
 u - a scroll of torment {unknown}
 y - a scroll of fog
 A - a scroll of random uselessness
Potions
 b - 2 potions of lignification
 e - 2 potions of resistance
 i - a potion of degeneration {unknown}
 l - a potion of invisibility
 n - a potion of agility
 v - a potion of might {unknown}
 B - a potion of mutation
 E - 2 potions of heal wounds
Miscellaneous
 t - a fan of gales
 D - a lightning rod (4/4)
Comestibles
 c - 17 rations


   Skills:
 + Level 13.6 Fighting
 - Level 12.1 Maces & Flails
 + Level 7.5 Armour
 + Level 6.8 Dodging


You had 10 spell levels left.
You didn't know any spells.
Your spell library contained the following spells:

 Spells                   Type           Power        Failure   Level  Hunger
 Corona                   Hex            #......      100%        1    ##.....
 Magic Dart               Conj           #...         100%        1    ##.....
 Summon Small Mammal      Summ           #...         100%        1    ##.....
 Blink                    Tloc           N/A          100%        2    ###....
 Call Imp                 Summ           #.......     100%        2    ###....
 Slow                     Hex            #.......     100%        2    ###....
 Call Canine Familiar     Summ           #.......     100%        3    ####...
 Conjure Flame            Conj/Fire      #.......     100%        3    ####...
 Inner Flame              Hex/Fire       #.......     100%        3    ####...
 Mephitic Cloud           Conj/Pois/Air  #.......     100%        3    ####...
 Portal Projectile        Hex/Tloc       #.....       100%        3    ####...
 Summon Guardian Golem    Hex/Summ       #.......     100%        3    ####...
 Cause Fear               Hex            #.........   100%        4    #####..
 Leda's Liquefaction      Hex/Erth       #.........   100%        4    #####..
 Summon Ice Beast         Ice/Summ       #.......     100%        4    #####..
 Summon Lightning Spire   Summ/Air       #.......     100%        4    #####..


Dungeon Overview and Level Annotations

Branches:
Dungeon (11/15)            Temple (0/1) D:6            Lair (1/6) D:11
    Orc (0/2) D:9

Altars:
Ashenzari
Cheibriados
Hepliaklqana
Okawaru
Qazlal
Sif Muna
Yredelemnul
Zin
The Shining One


Innate Abilities, Weirdness & Mutations

You reflexively headbutt those who attack you in melee.
You have a pair of large horns on your head.
You have large cloven feet.
Scrolls take you a little longer to read.
You possess an exceptional clarity of mind.


Message History

You feel yourself slow down. The death yak gores you!
An orc priest comes into view. It is wielding a flail.
The death yak closely misses you.
There is a staircase to the Lair here.
The death yak closely misses you. You furiously retaliate!
You headbutt the death yak, but do no damage.
The death yak closely misses you. You furiously retaliate!
You headbutt the death yak. The death yak gores you!
* * * LOW HITPOINT WARNING * * *
The death yak gores you but does no damage.
The orc priest barely misses you. The death yak closely misses you.
The death yak gores you!
* * * LOW HITPOINT WARNING * * *
The death yak gores you!
* * * LOW HITPOINT WARNING * * *
You climb downwards.
Welcome to the Lair of Beasts!
Found a ration.
There is a staircase back to the Dungeon here.
The orc priest barely misses you. The death yak gores you!
You die...

.. ..
..##.##
......
#..%.
#....##
#....####
#.oYY..#
#@Y..#
##Y.....#
####... #


You could see 4 death yaks and an orc priest.

Vanquished Creatures
  A two-headed ogre (D:10)
  3 death yaks (D:11)
  Pikel (D:5)
  2 hippogriffs
  3 wyverns
  3 yaks (D:10)
  Edmund (D:5)
  Duvessa (D:5)
  5 ice beasts
  3 orc warriors
  3 black bears
  A necrophage (D:9)
  3 sky beasts
  6 ogres
  2 phantoms
  2 centaurs (D:7)
  A big kobold (D:5)
  A bullfrog (D:6)
  Dowan (D:5)
  3 scorpions
  6 killer bees (D:9)
  A howler monkey (D:10)
  9 wights
  3 crimson imps
  A centaur zombie (D:9)
  3 orc priests
  5 hounds
  5 jellies
  3 iguanas
  6 orc wizards
  3 worker ants
  3 hound skeletons
  A mummy (D:7)
  18 adders
  4 gnolls (D:4)
  A howler monkey skeleton (D:10)
  4 shadow imps
  3 oozes
  2 adder skeletons
  A dart slug (D:2)
  5 leopard geckos
  20 orcs
  A ball python (D:1)
  6 giant cockroaches
  8 goblins
  6 hobgoblins
  4 jackals
  10 kobolds
  6 quokkas
  7 bats
  3 frilled lizards
  A leopard gecko skeleton (D:4)
  A quokka skeleton (D:9)
  7 rats (D:1)
213 creatures vanquished.

Vanquished Creatures (others)
  2 slaves (D:5)
  A worm (D:5)
3 creatures vanquished.

Grand Total: 216 creatures vanquished

Notes
Turn   | Place    | Note
-------+----------+-------------------------------------------
     0 | D:1      | MaCx the Minotaur Berserker began the quest for the Orb.
     0 | D:1      | Reached XP level 1. HP: 19/19 MP: 0/0
   161 | D:1      | Reached skill level 4 in Fighting
   161 | D:1      | Reached XP level 2. HP: 27/27 MP: 1/1
  1423 | D:2      | Reached XP level 3. HP: 19/34 MP: 2/2
  2017 | D:2      | Reached ** piety under Trog
  2286 | D:2      | You fall through a shaft!
  2470 | D:3      | Found a hazy altar of Hepliaklqana.
  2573 | D:3      | Reached XP level 4. HP: 41/41 MP: 3/3
  2580 | D:3      | Reached skill level 5 in Fighting
  2580 | D:3      | Reached skill level 5 in Maces & Flails
  2695 | D:3      | Found a faded altar of an unknown god.
  3160 | D:2      | Reached XP level 5. HP: 43/48 MP: 4/4
  3626 | D:2      | Reached *** piety under Trog
  3979 | D:4      | Reached skill level 6 in Fighting
  3982 | D:4      | Reached XP level 6. HP: 57/57 MP: 5/5
  4112 | D:4      | Noticed an ice beast
  4132 | D:4      | Killed an ice beast
  4132 | D:4      | Reached skill level 7 in Fighting
  4227 | D:4      | Reached XP level 7. HP: 66/66 MP: 6/6
  4651 | D:4      | Found a basalt altar of Yredelemnul.
  4658 | D:4      | Noticed a profane servitor
  4675 | D:4      | Found a glowing golden altar of the Shining One.
  4677 | D:4      | Noticed an angel
  4961 | D:5      | Entered Level 5 of the Dungeon
  5003 | D:5      | Noticed Pikel
  5011 | D:5      | Killed Pikel
  5011 | D:5      | Reached skill level 8 in Fighting
  5011 | D:5      | Reached XP level 8. HP: 77/77 MP: 7/7
  5062 | D:5      | Reached skill level 9 in Fighting
  5203 | D:5      | Noticed Edmund
  5208 | D:5      | Killed Edmund
  5626 | D:5      | Noticed Dowan
  5627 | D:5      | Noticed Duvessa
  5632 | D:5      | Killed Dowan
  5635 | D:5      | Killed Duvessa
  6018 | D:6      | Reached skill level 10 in Fighting
  6018 | D:6      | Reached skill level 10 in Maces & Flails
  6053 | D:6      | Found a staircase to the Ecumenical Temple.
  6518 | D:6      | Reached XP level 9. HP: 85/86 MP: 8/8
  7141 | D:6      | Reached skill level 11 in Fighting
  7254 | D:6      | Found a stormy altar of Qazlal.
  7939 | D:7      | Gained mutation: You possess an exceptional clarity of
                  | mind. [potion of mutation]
  7939 | D:7      | Gained mutation: Scrolls take you a little longer to read.
                  | [potion of mutation]
  7939 | D:7      | Gained mutation: You have large cloven feet. [potion of
                  | mutation]
  7939 | D:7      | Gained mutation: You have a pair of large horns on your
                  | head. [potion of mutation]
  8020 | D:7      | Found a stormy altar of Qazlal.
  8020 | D:7      | Found a faded altar of an unknown god.
  8025 | D:7      | Found a glowing silver altar of Zin.
  8027 | D:7      | Found a faded altar of an unknown god.
  8030 | D:7      | Found a shattered altar of Ashenzari.
  8109 | D:7      | Found an iron altar of Okawaru.
  8209 | D:7      | Found a snail-covered altar of Cheibriados.
  8299 | D:7      | Got a jewelled mace
  8449 | D:8      | Reached skill level 12 in Fighting
  8954 | D:9      | Found a deep blue altar of Sif Muna.
  9067 | D:9      | Found a hazy altar of Hepliaklqana.
  9077 | D:9      | Reached XP level 10. HP: 97/97 MP: 9/9
  9084 | D:9      | Reached **** piety under Trog
  9091 | D:9      | Found a staircase to the Orcish Mines.
  9936 | D:10     | Entered Level 10 of the Dungeon
 10248 | D:10     | Noticed a two-headed ogre
 10258 | D:10     | Killed a two-headed ogre
 10258 | D:10     | Reached skill level 5 in Armour
 10329 | D:10     | Reached skill level 5 in Dodging
 10547 | D:10     | Reached skill level 13 in Fighting
 10906 | D:11     | Found a staircase to the Lair.
 10906 | D:11     | Noticed a death yak
 10906 | D:11     | Noticed a death yak
 10906 | D:11     | Noticed a death yak
 10906 | D:11     | Noticed a death yak
 10906 | D:11     | Noticed a death yak
 10907 | D:11     | Noticed a death yak
 10914 | D:11     | Killed a death yak
 10919 | D:11     | Killed a death yak
 10919 | D:11     | Reached XP level 11. HP: 107/107 MP: 10/10
 10921 | D:11     | Noticed a death yak
 10927 | D:11     | Killed a death yak
 10931 | Lair:1   | Entered Level 1 of the Lair of Beasts
 10932 | Lair:1   | Slain by a death yak

Skill      XL: |  1  2  3  4  5  6  7  8  9 10 |
---------------+-------------------------------+-----
Fighting       | 4 5 6 7 8 10 12 13 | 13.6
Maces & Flails | 4 5 6 7 8 10 12 | 12.1
Armour         | 3 7 |  7.5
Dodging        | 3 6 |  6.8

Action                   |  1- 3 |  4- 6 |  7- 9 | 10-12 || total
-------------------------+-------+-------+-------+-------++-------
Melee: Mace              |    10 |       |       |       ||    10
       Whip              |    88 |       |    17 |       ||   105
       Headbutt          |     7 |    23 |    53 |    25 ||   108
       Flail             |     2 |   112 |    31 |       ||   145
       Dire flail        |       |       |   197 |    98 ||   295
       Kick              |       |       |    20 |    27 ||    47
Invok: Berserk           |     5 |     2 |     7 |     3 ||    17
  Use: Potion            |       |       |    10 |       ||    10
       Scroll            |       |       |     7 |       ||     7
  Eat: Chunk             |     5 |     9 |    14 |     4 ||    32
       Ration            |     1 |       |     2 |     1 ||     4
Armor: Plate armour      |    42 |    99 |   100 |    44 ||   285
       Chain mail        |     8 |       |       |       ||     8
Dodge: Dodged            |    28 |    46 |    61 |    44 ||   179
